AoeStats
← 1horsepower

Arena

510118226Analyzed
2v2 RM · 3d ago on Sep 29, 2026· 18m 39s· 4 players
Game mode
Random Map
Map size
Medium (4 player)
Population
200
Speed
Normal
Resources
Standard
Victory
Conquest
Starting age
Dark Age
Ending age
Imperial Age
RankedLock teamsTeams togetherTeam positionsShared explorationLock speedFull tech treeHidden civsTurbo modeCheats
Victory
Defeat
🇰🇿 Spanish · Kazakhstan
771
+18
🇮🇱 Turks · Israel
766
+18
🇹🇷 Huns · Türkiye
828
-19
🇪🇸 Persians · Spain
784
-17
1horsepower
0:28 Loom
10:28 Feudal Age
11:00 Double-Bit Axe
11:01 Horse Collar
19:47 Castle Age
18:56 Stone Mining
18:57 Gold Mining
Monument
0:31 Loom
12:51 Feudal Age
13:13 Horse Collar
14:15 Wheelbarrow
13:30 Double-Bit Axe
20:34 Castle Age
18:56 Gold Mining
18:57 Stone Mining
19:03 Fletching
19:14 Padded Archer Armor
alb_236
12:07 Feudal Age
10:24 Loom
12:51 Horse Collar
13:01 Double-Bit Axe
mag8044
0:28 Loom
11:25 Feudal Age
14:41 Bloodlines
14:18 Horse Collar
15:14 Scale Barding Armor
15:36 Forging
Connection lost

Rejoining the realm…

Still unreachable

The connection could not be restored.

Session expired

The server has moved on; the page needs a fresh start.